 Dungeon Crawl Stone Soup version 0.24-a0-525-g9231cdcba1 (webtiles) character file.

Game seed: 4684261181944568643

57432 Flugkiller the Nimble (level 14, -6/148 HPs)
             Began as an Octopode Assassin on July 31, 2019.
             Was a Believer of Uskayaw.
             Shot with an arrow by a centaur warrior (28 damage)
             ... on level 13 of the Dungeon on Aug 1, 2019.
             The game lasted 00:38:13 (22854 turns).

Flugkiller the Nimble (Octopode Assassin)          Turns: 22854, Time: 00:38:14

Health: -6/148     AC:  3    Str: 13    XL:     14   Next: 86%
Magic:  22/22      EV: 26    Int: 27    God:    Uskayaw [**....]
Gold:   978        SH:  0    Dex: 17    Spells: 10/21 levels left

rFire    . . .     SeeInvis +   G - +10 dagger of Makhleb's Condemnation {freeze, rC+ Int+4}
rCold    + + .     Gourm    .   (no shield)
rNeg     + . .     Faith    .   W - +2 hat "Wiyvazo" {+Blink MR+++ Str-3 Stlth-}
rPois    +         Spirit   .   v - amulet of rage
rElec    .         Reflect  .   u - ring of poison resistance
rCorr    +         Harm     .   A - +2 ring of evasion
MR       +++++                  P - ring of see invisible
Stlth    ..........             N - +5 ring of intelligence
HPRegen  0.34/turn              Q - ring of positive energy
MPRegen  0.18/turn              n - ring of protection from cold
                                T - ring "Kohum" {MR+ Int+4 SInv}
                                Z - ring of resist corrosion

@: berserking, very quick
A: almost no armour, stealthy swim, amphibious, 8 rings, constrict 8, camouflage
1, gelatinous body 1
a: Stomp, Line Pass, Renounce Religion, Evoke Blink, Evoke Berserk Rage


You were on level 13 of the Dungeon.
You worshipped Uskayaw.
Uskayaw was aware of your devotion.
You were near starving.

You visited 3 branches of the dungeon, and saw 20 of its levels.
You also visited: Gauntlet.

You collected 1510 gold pieces.
You spent 532 gold pieces at shops.

Inventory:

Hand Weapons
 G - the +10 dagger of Makhleb's Condemnation (weapon) {freeze, rC+ Int+4}
   (You found it on level 1 of the Lair of Beasts)

   It has been specially enchanted to freeze those struck by it, causing extra
   injury to most foes and up to half again as much damage against particularly
   susceptible opponents.
   It can also slow down cold-blooded creatures.
   It affects your intelligence (+4).
   It protects you from cold.
Missiles
 b - 70 poisoned darts (quivered)
 c - a curare-tipped dart
 w - 3 throwing nets
Armour
 B - a +2 hat of intelligence
   (You took it off Gastronok on level 1 of the Lair of Beasts)
 W - the +2 hat "Wiyvazo" (worn) {+Blink MR+++ Str-3 Stlth-}
   (You found it in a Gauntlet)

   It affects your strength (-3).
   It affects your resistance to hostile enchantments.
   It lets you blink.
   It makes you less stealthy.
Jewellery
 j - an uncursed amulet of guardian spirit
   (You found it on level 2 of the Dungeon)
 n - a ring of protection from cold (on tentacle)
   (You found it on level 11 of the Dungeon)
 u - a ring of poison resistance (left tentacle)
   (You bought it in a shop on level 4 of the Dungeon)
 v - an amulet of rage (around mantle)
   (You found it on level 4 of the Dungeon)
 A - a +2 ring of evasion (right tentacle)
   (You took it off a gnoll on level 6 of the Dungeon)
 N - a +5 ring of intelligence (on tentacle)
   (You found it on level 6 of the Lair of Beasts)
 P - a ring of see invisible (on tentacle)
   (You found it on level 4 of the Lair of Beasts)
 Q - a ring of positive energy (on tentacle)
   (You found it on level 11 of the Dungeon)
 T - the ring "Kohum" (on tentacle) {MR+ Int+4 SInv}
   (You took it off a minotaur in a Gauntlet)

   [ring of see invisible]

   It affects your intelligence (+4).
   It affects your resistance to hostile enchantments.
   It lets you see invisible.
 Y - the amulet "Dokebboh" {Acrobat rPois}
   (You found it in a Gauntlet)

   [amulet of the acrobat]

   It helps you evade while moving and waiting.
   It protects you from poison.
 Z - a ring of resist corrosion (on tentacle)
   (You found it in a Gauntlet)
Wands
 m - a wand of iceblast (20)
   (You found it on level 5 of the Dungeon)
 q - a wand of polymorph (10)
   (You took it off Ijyb on level 3 of the Dungeon)
 y - a wand of random effects (44)
   (You found it on level 8 of the Dungeon)
 C - a wand of paralysis (12)
   (You found it on level 8 of the Dungeon)
 D - a wand of disintegration (19)
   (You took it off Psyche on level 8 of the Dungeon)
 K - a wand of flame (52)
   (You found it on level 3 of the Lair of Beasts)
 L - a wand of acid (17)
   (You found it on level 3 of the Lair of Beasts)
 V - a wand of digging (4)
   (You found it on level 11 of the Dungeon)
Scrolls
 e - 7 scrolls of remove curse
 h - 7 scrolls of teleportation
 i - 6 scrolls of amnesia
 p - 2 scrolls of magic mapping
 r - a scroll of identify
 s - 5 scrolls of fear
 x - a scroll of brand weapon {unknown}
 z - a scroll of summoning {unknown}
 F - a scroll of holy word {unknown}
 H - a scroll of vulnerability
 O - 2 scrolls of silence
 R - 2 scrolls of enchant weapon
 S - a scroll of fog
Potions
 f - a potion of invisibility
 g - 2 potions of mutation
 k - 7 potions of curing
 l - a potion of lignification
 o - 3 potions of might
 t - 4 potions of flight
 I - 2 potions of magic
 M - a potion of brilliance {unknown}
 U - a potion of haste
Comestibles
 a - a chunk of flesh
 d - 33 rations


   Skills:
 - Level 10.0 Fighting
 - Level 10.2 Short Blades
 - Level 2.0 Throwing
 - Level 14.0 Dodging
 - Level 10.4 Stealth
 - Level 4.0 Spellcasting
 - Level 2.0 Hexes
 - Level 4.0 Charms
 + Level 5.9 Necromancy
 + Level 5.4 Earth Magic
 - Level 11.0 Invocations
 - Level 5.0 Evocations


You had 10 spell levels left.
You knew the following spells:

 Your Spells              Type           Power        Failure   Level  Hunger
a - Borgnjor's Vile Clut  Necr/Erth      #####.....   22%         5    #####..
c - Regeneration          Chrm/Necr      ####......   3%          3    ##.....
d - Spectral Weapon       Hex/Chrm       ###.....     7%          3    ##.....

Your spell library contained the following spells:

 Spells                   Type           Power        Failure   Level  Hunger
 Infusion                 Chrm           ####         1%          1    None
 Song of Slaying          Chrm           ####....     2%          2    None
 Shroud of Golubria       Chrm/Tloc      ###...       5%          2    None
 Animate Dead             Necr           N/A          7%          4    ####...
 Recall                   Summ/Tloc      N/A          24%         3    ##.....
 Static Discharge         Conj/Air       #.......     24%         3    ##.....
 Death Channel            Necr           #####.....   71%         6    #######
 Lightning Bolt           Conj/Air       #.........   91%         5    #####..
 Simulacrum               Ice/Necr       ###.......   98%         6    #######
 Ignition                 Fire           #.........   100%        8    #######
 Shatter                  Erth           ####......   100%        9    #######
 Tornado                  Air            #.........   100%        9    #######


Dungeon Overview and Level Annotations

Branches:
Dungeon (13/15)            Temple (1/1) D:5            Lair (6/6) D:9
 Spider (0/4) Lair:3        Slime (0/5) Lair:5          Orc (0/2) D:11
  Swamp: Lair:2-4    Shoals: Lair:2-4    Vaults: D:13-14

Altars:
Ashenzari
Elyvilon
Kikubaaqudgha
Makhleb
Nemelex Xobeh
Okawaru
Qazlal
Ru
Sif Muna
Trog
Uskayaw
Vehumet
Wu Jian
Yredelemnul
The Shining One
Jiyva

Shops:
D:4 =   D:10 ?   D:11 ![

Annotations:
D:3 Grinder
D:6 1 runed translucent door, Crazy Yiuf
D:9 exclusions: 2 doors and hydra
D:10 Erica
Lair:2 1 runed translucent door, Stiffzip's ghost, journeyman MfTm
Lair:3 2 exclusions
Lair:6 exclusions: 2 oklob plants and 2 more exclusions


Innate Abilities, Weirdness & Mutations

You cannot wear most types of armour.
You are very stealthy in the water. (Stealth+)
You are amphibious.
You can wear up to eight rings at the same time.
You can use your tentacles to constrict eight enemies at once.
Your skin changes colour to match your surroundings (Stealth+).
Your rubbery body absorbs attacks. (AC +1, EV +1)


Message History

Found a trident.
There is a large open door here.
A centaur warrior comes into view.
The centaur warrior shouts!
The centaur warrior wields a +0 longbow.
The centaur warrior shoots an arrow.
The arrow completely misses you.
The four-headed hydra roars!
You hit the centaur warrior. You freeze the centaur warrior.
Your squeeze misses the centaur warrior.
The centaur warrior is lightly wounded.
The centaur warrior shoots an arrow.
The arrow misses you.
You hit the centaur warrior. You freeze the centaur warrior.
The centaur warrior is lightly wounded.
The centaur warrior hits you but does no damage.
The centaur warrior shoots an arrow.
The arrow completely misses you.
You closely miss the centaur warrior.
The centaur warrior is lightly wounded.
The centaur warrior hits you.
You puncture the centaur warrior! You freeze the centaur warrior.
The centaur warrior is moderately wounded.
The centaur warrior hits you!
You hit the centaur warrior. You freeze the centaur warrior.
The centaur warrior is heavily wounded.
The centaur warrior shoots an arrow.
The arrow hits you!!
* * * LOW HITPOINT WARNING * * *
The centaur warrior hits you!
* * * LOW HITPOINT WARNING * * *
The centaur warrior hits you!
* * * LOW HITPOINT WARNING * * *
You feel much better. The centaur warrior misses you.
Unknown command.
A red film seems to cover your vision as you go berserk!
You feel yourself moving faster!
You feel mighty!
You are near starving!
The centaur warrior barely misses you.
The centaur warrior shoots an arrow.
The arrow hits you!
* * * LOW HITPOINT WARNING * * *
The centaur warrior hits you but does no damage.
The centaur warrior shoots an arrow.
The arrow hits you!!
* * * LOW HITPOINT WARNING * * *
You puncture the centaur warrior! You freeze the centaur warrior!
The centaur warrior is almost dead.
The centaur warrior hits you!
* * * LOW HITPOINT WARNING * * *
You can now pass through a line of other dancers.
You completely miss the centaur warrior.
You squeeze the centaur warrior!
You kill the centaur warrior!
The centaur warrior shoots an arrow.
The arrow hits you!!
You die...

#########.......
#.....#.......##'#####
#.....#...............
#.....#...............
#.....#...............
#.....#.....(.........
#..(..###''####.......
#.............########
#....@........... ....
#....(D.......... ....
#.....c.......... ....
#................ ####
######...........
#...).......
#........## #........#
..#####


You could see a four-headed hydra and a centaur warrior.

Vanquished Creatures
  Gastronok (Lair:1)
  A minotaur (Gauntlet)
  Josephine (D:10)
  4 hydras
  5 death yaks
  A two-headed ogre (D:12)
  A centaur warrior (D:13)
  2 sixfirhies (Gauntlet)
  An unseen horror (D:12)
  A glowing orange brain (Gauntlet)
  2 wolf spiders (Lair:6)
  2 ugly things
  A manticore (D:12)
  An oklob plant (Lair:4)
  A cyclops (D:12)
  A centaur zombie (D:10)
  5 elephants (Lair:6)
  A guardian serpent (Lair:6)
  9 black mambas
  Psyche (D:8)
  Maurice (D:10)
  A centaur skeleton (D:10)
  A gargoyle (D:13)
  13 spiny frogs
  A rime drake (Lair:3)
  9 komodo dragons
  A troll (D:9)
  2 jumping spiders (Lair:3)
  3 hornets
  13 blink frogs
  6 hippogriffs
  4 redbacks
  6 wraiths
  6 basilisks
  10 wyverns
  Eustachio (D:5)
  55 yaks
  2 vampire mosquitoes (D:12)
  A hungry ghost (D:10)
  2 steam dragons
  An acid dragon (D:12)
  4 swamp worms (Lair:3)
  6 porcupines
  29 water moccasins
  A swamp drake (Lair:6)
  4 ice beasts
  2 sky beasts (D:6)
  A black bear (D:13)
  2 orc warriors (D:13)
  A necrophage (D:13)
  16 wolves
  3 ogres
  6 centaurs
  21 crocodiles
  2 big kobolds
  8 bullfrogs
  A gnoll sergeant (D:6)
  2 scorpions
  10 killer bees
  3 howler monkeys
  An electric eel (D:9)
  8 crimson imps
  2 bullfrog zombies (D:12)
  3 jellies
  3 quasits
  A bullfrog skeleton (D:11)
  11 hounds
  11 orc wizards
  A gnoll shaman (D:5)
  3 orc priests
  2 iguanas
  Ijyb (D:3)
  Terence (D:2)
  10 worker ants
  A hound skeleton (D:6)
  A hound zombie (D:6)
  A howler monkey zombie (D:6)
  A worker ant zombie (D:5)
  Robin (D:3)
  10 gnolls
  26 adders
  4 shadow imps
  2 oozes
  2 adder skeletons (D:8)
  2 worms
  2 dart slugs
  2 leopard geckos
  47 orcs
  3 ball pythons
  7 giant cockroaches
  13 goblins
  8 hobgoblins
  14 jackals
  4 quokkas
  5 bats
  4 frilled lizards
  A jackal skeleton (D:5)
  A jackal zombie (D:7)
  17 kobolds
  A leopard gecko skeleton (D:4)
  A quokka skeleton (D:8)
  11 rats
  A fungus (Lair:6)
554 creatures vanquished.

Vanquished Creatures (others)
  A bush (D:9)
  11 fungi
  42 plants
54 creatures vanquished.

Grand Total: 608 creatures vanquished

Notes
Turn   | Place    | Note
-------+----------+-------------------------------------------
     0 | D:1      | Flugkiller the Octopode Assassin began the quest for the
                  | Orb.
     0 | D:1      | Reached XP level 1. HP: 14/14 MP: 1/1
   107 | D:1      | Reached XP level 2. HP: 19/19 MP: 2/2
   513 | D:1      | Reached XP level 3. HP: 16/25 MP: 3/3
   752 | D:2      | Noticed Terence
   758 | D:2      | Found a faded altar of an unknown god.
   762 | D:2      | Killed Terence
   762 | D:2      | Reached skill level 2 in Dodging
   762 | D:2      | Reached XP level 4. HP: 30/30 MP: 4/4
   927 | D:2      | Found an ornate altar of the Wu Jian Council.
  1416 | D:3      | Noticed Grinder
  1446 | D:3      | Noticed Robin
  1502 | D:3      | Killed Robin
  1774 | D:3      | Reached XP level 5. HP: 32/36 MP: 0/5
  1851 | D:3      | Noticed Ijyb
  1864 | D:3      | Killed Ijyb
  1933 | D:3      | Found a basalt altar of Yredelemnul.
  2042 | D:3      | Reached skill level 3 in Dodging
  2646 | D:4      | Reached XP level 6. HP: 39/43 MP: 6/6
  2755 | D:4      | Found Vochom's Jewellery Boutique.
  2770 | D:4      | Bought an uncursed ring of poison resistance for 220 gold
                  | pieces
  3685 | D:5      | Entered Level 5 of the Dungeon
  3699 | D:5      | Found a staircase to the Ecumenical Temple.
  3711 | Temple   | Entered the Ecumenical Temple
  3763 | Temple   | Became a worshipper of Uskayaw the Reveler
  3804 | D:5      | Noticed Eustachio
  3809 | D:5      | Killed Eustachio
  3809 | D:5      | Reached skill level 4 in Dodging
  3809 | D:5      | Reached skill level 1 in Invocations
  3809 | D:5      | Reached XP level 7. HP: 49/49 MP: 7/7
  3809 | D:5      | Reached * piety under Uskayaw
  3926 | D:5      | Reached ** piety under Uskayaw
  3929 | D:5      | Reached *** piety under Uskayaw
  3936 | D:5      | Reached **** piety under Uskayaw
  4137 | D:5      | You fall into a shaft and drop 1 floor!
  4161 | D:6      | Reached skill level 5 in Short Blades
  4167 | D:6      | Reached skill level 5 in Fighting
  4170 | D:6      | Found a white marble altar of Elyvilon.
  4210 | D:6      | Reached XP level 8. HP: 55/55 MP: 8/10
  4240 | D:6      | Reached skill level 5 in Dodging
  4502 | D:6      | Found a runed translucent door.
  4503 | D:6      | Noticed Crazy Yiuf
  5538 | D:7      | Reached XP level 9. HP: 62/62 MP: 12/12
  5554 | D:7      | Got a pitted pewter amulet
  5555 | D:7      | Identified the amulet of the Pariah {Harm *Drain Fragile
                  | rElec Dex+4 Stlth+} (You found it on level 7 of the
                  | Dungeon)
  5871 | D:7      | Reached skill level 6 in Dodging
  6078 | D:7      | Reached skill level 5 in Invocations
  6784 | D:8      | Noticed Psyche
  6791 | D:8      | Killed Psyche
  6902 | D:9      | Noticed a troll
  6904 | D:9      | Killed a troll
  6941 | D:9      | Noticed a five-headed hydra
  6997 | D:9      | Found a staircase to the Lair.
  6999 | D:9      | Reached skill level 7 in Dodging
  7273 | D:9      | Reached XP level 10. HP: 50/68 MP: 14/14
  7385 | D:9      | Reached skill level 5 in Evocations
  8737 | Lair:1   | Entered Level 1 of the Lair of Beasts
  8791 | Lair:1   | Noticed a spiny frog
  8933 | Lair:1   | Noticed a spiny frog
  8948 | Lair:1   | Killed a spiny frog
  8948 | Lair:1   | Reached skill level 8 in Dodging
  9259 | Lair:1   | Noticed a four-headed hydra
  9283 | Lair:1   | Reached ***** piety under Uskayaw
  9288 | Lair:1   | Reached ****** piety under Uskayaw
  9291 | Lair:1   | Killed a four-headed hydra
  9392 | Lair:1   | Got a warped dagger
  9397 | Lair:1   | Identified the +10 dagger of Makhleb's Condemnation
                  | {freeze, rC+ Int+4} (You found it on level 1 of the Lair of
                  | Beasts)
  9450 | Lair:1   | Reached XP level 11. HP: 72/72 MP: 17/17
  9472 | Lair:1   | Reached skill level 9 in Dodging
  9806 | Lair:1   | Noticed Gastronok
 10581 | Lair:1   | Killed Gastronok
 10581 | Lair:1   | Reached skill level 10 in Short Blades
 10581 | Lair:1   | Reached skill level 10 in Dodging
 10720 | Lair:2   | Found a runed translucent door.
 10721 | Lair:2   | Noticed a death yak
 10722 | Lair:2   | Noticed Stiffzip's ghost (journeyman MfTm)
 11314 | Lair:2   | Noticed a four-headed hydra
 11348 | Lair:2   | Noticed a seven-headed hydra
 11809 | Lair:2   | Killed a seven-headed hydra
 11994 | Lair:2   | Killed a four-headed hydra
 11994 | Lair:2   | Reached XP level 12. HP: 80/80 MP: 18/18
 12291 | Lair:3   | Reached skill level 10 in Stealth
 12569 | Lair:3   | Found a hole to the Spider Nest.
 13425 | Lair:3   | Noticed a four-headed hydra
 13425 | Lair:3   | Noticed a four-headed hydra
 13553 | Lair:3   | Learned a level 3 spell: Regeneration
 13557 | Lair:3   | Learned a level 3 spell: Spectral Weapon
 13852 | Lair:3   | Reached skill level 1 in Charms
 14022 | Lair:3   | Reached skill level 1 in Hexes
 14025 | Lair:3   | Reached skill level 1 in Spellcasting
 14025 | Lair:3   | Reached skill level 1 in Necromancy
 14176 | Lair:3   | Reached skill level 11 in Dodging
 14648 | Lair:4   | Noticed an eight-headed hydra
 14655 | Lair:4   | Killed an eight-headed hydra
 14936 | Lair:4   | Reached skill level 10 in Invocations
 15360 | Lair:5   | Reached XP level 13. HP: 72/88 MP: 20/20
 15908 | Lair:5   | Found a viscous altar of Jiyva.
 15909 | Lair:5   | Found a staircase to the Slime Pits.
 16255 | Lair:6   | Entered Level 6 of the Lair of Beasts
 16258 | Lair:6   | Reached skill level 12 in Dodging
 17778 | Lair:6   | Reached skill level 13 in Dodging
 17924 | Lair:6   | Reached XP level 14. HP: 83/98 MP: 22/22
 17978 | Lair:6   | Reached skill level 10 in Fighting
 19178 | Lair:3   | Reached skill level 14 in Dodging
 19500 | D:10     | Entered Level 10 of the Dungeon
 19561 | D:10     | Noticed Erica
 19591 | D:10     | Noticed Maurice
 19593 | D:10     | Killed Maurice
 19608 | D:10     | Learned a level 5 spell: Borgnjor's Vile Clutch
 19657 | D:10     | Found Nigoushreus's Magic Scroll Shoppe.
 19668 | D:10     | Bought a scroll of fog for 30 gold pieces
 19676 | D:10     | Bought a scroll of vulnerability for 112 gold pieces
 19676 | D:10     | Bought a scroll of identify for 30 gold pieces
 19685 | D:10     | Noticed Josephine
 19701 | D:10     | Killed Josephine
 19701 | D:10     | Reached skill level 1 in Earth Magic
 20257 | D:11     | Found Odammun's Antique Armour Shop.
 20322 | D:11     | Found Hireck's Distillery.
 20328 | D:11     | Bought a potion of haste for 140 gold pieces
 20437 | D:11     | Found a staircase to the Orcish Mines.
 20585 | D:12     | Found a gate leading to a gauntlet.
 20660 | Gauntlet | Entered a Gauntlet
 20660 | Gauntlet | Found a transporter.
 20660 | Gauntlet | Found a transporter.
 20676 | Gauntlet | Found a transporter.
 20680 | Gauntlet | Found a transporter.
 20692 | Gauntlet | Found a transporter.
 20694 | Gauntlet | Found a transporter.
 20704 | Gauntlet | Found a transporter.
 20749 | Gauntlet | Found a transporter.
 20749 | Gauntlet | Found a transporter.
 20791 | Gauntlet | Found a transporter.
 20795 | Gauntlet | Found a transporter.
 20805 | Gauntlet | Found a transporter.
 20956 | Gauntlet | Got a faintly glowing hat
 20958 | Gauntlet | Got a slimy spear
 20960 | Gauntlet | Identified the +2 hat "Wiyvazo" {+Blink MR+++ Str-3 Stlth-}
                  | (You found it in a Gauntlet)
 21144 | Gauntlet | Got a heavily runed tin amulet
 21145 | Gauntlet | Identified the amulet "Dokebboh" {Acrobat rPois} (You found
                  | it in a Gauntlet)
 21191 | Gauntlet | Identified the ring "Kohum" {MR+ Int+4 SInv}
 22049 | D:12     | Reached skill level 5 in Necromancy
 22408 | D:13     | Found a sacrificial altar of Ru.
 22429 | D:13     | Reached skill level 5 in Earth Magic
 22854 | D:13     | Shot with an arrow by a centaur warrior

Levels and vault maps discovered:
D:1:      lemuel_arrival_lava_pool, layout_rooms, minivault_26
D:2:      layout_loops_ring, marbit_many_paths,
          chequers_ecumenical_altar_island, uniq_terence
D:3:      layout_basic, yredelemnul_altar_generic, uniq_ijyb, uniq_robin,
          uniq_grinder
D:4:      layout_layer_cave, serial_shops, shop, minmay_unequal
D:5:      layout_basic, minmay_temple_entry_antechambers, first_ration,
          uniq_eustachio
D:6:      layout_basic, elyvilon_altar_5, uniq_crazy_yiuf_cottage
D:7:      layout_loops_cross, grunt_ogre_cave
D:8:      layout_rooms, uniq_psyche
D:9:      kennysheep_big_flooded_room, layout_irregular_city,
          minmay_lair_entry_grove, minivault_4
D:10:     layout_rooms, serial_shops, shop_scrolls, uniq_josephine,
          uniq_maurice, uniq_erica
D:11:     layout_rooms, orc_0_dummy, serial_shops,
          nicolae_shop_overgrown_old_shop, shop, dk_noncrumbling_2
D:12:     layout_roguey, gauntlet_entry_generic
D:13:     layout_irregular_city, nicolae_ru_awakened_eye
Temple:   regret_index_temple_chain_breaker
Lair:1:   beast_lair_carwin_large_4, layout_chaotic_city, uniq_gastronok
Lair:2:   layout_cave_pods, ebering_ghost_inner_flame, serial_rivers,
          chequers_serial_rivers_micro_b, chequers_serial_rivers_small_b,
          chequers_serial_rivers_room_a, chequers_serial_rivers_small_b,
          chequers_serial_rivers_micro_c, chequers_serial_rivers_marsh
Lair:3:   lemuel_reptile_caves, layout_misc_corridors, palyth_hydra_swamp_entry,
          spider_nest_entry_a
Lair:4:   layout_gridlike
Lair:5:   layout_long_grid, dpeg_slime_entry_enclosed_altar
Lair:6:   hangedman_lair_tendril_chambers, layout_hall_layers,
          guppyfry_lair_end_dragon, serial_bayou, serial_bayou_crossing,
          serial_bayou_pond_d, serial_bayou_pond_b, serial_bayou_pond_d,
          serial_bayou_lagoon_a, minmay_lair_oklob_chamber

Skill      XL: |  1  2  3  4  5  6  7  8  9 10 11 12 13 14 |
---------------+-------------------------------------------+-----
Dodging        | 2 3 4 5 7 8 10 11 13 14 | 14.0
Fighting       | 3 4 5 6 8 9 10 | 10.0
Short Blades   | 3 4 5 6 7 9 10 | 10.2
Invocations    | 1 2 4 6 8 10 11 | 11.0
Evocations     | 2 4 5 |  5.0
Stealth        | 8 10 | 10.4
Charms         | 3 4 |  4.0
Hexes          | 2 |  2.0
Spellcasting   | 2 3 4 |  4.0
Necromancy     | 2 5 |  5.9
Earth Magic    | 5 |  5.4
Throwing       | |  2.0

Action                   |  1- 3 |  4- 6 |  7- 9 | 10-12 | 13-15 || total
-------------------------+-------+-------+-------+-------+-------++-------
Melee: Dagger            |    46 |   165 |   345 |   485 |   754 ||  1795
       Constrict         |     8 |    45 |    51 |    48 |    68 ||   220
       Tentacles         |     8 |    37 |    63 |   115 |   170 ||   393
       Unarmed           |       |     5 |       |       |       ||     5
Throw: Dart              |       |       |    16 |    32 |       ||    48
 Cast: Spectral Weapon   |       |       |       |       |     4 ||     4
Invok: Line Pass         |       |       |     2 |       |     1 ||     3
       Stomp             |       |       |     5 |     3 |     7 ||    15
       Grand Finale      |       |       |       |     2 |       ||     2
 Abil: Evoke Berserk Rag |       |       |       |     2 |     7 ||     9
Evoke: Wand              |       |       |       |    14 |    14 ||    28
  Use: Scroll            |       |     7 |     4 |     6 |    12 ||    29
       Potion            |       |       |       |     3 |     5 ||     8
 Stab: Sleeping          |    10 |    15 |    22 |    22 |    29 ||    98
       Paralysed         |       |       |    16 |    26 |    45 ||    87
       Distracted        |       |       |     2 |       |     2 ||     4
       Petrifying        |       |       |     1 |       |       ||     1
       Confused          |       |       |       |       |     1 ||     1
  Eat: Chunk             |       |     8 |    13 |    18 |    23 ||    62
       Ration            |       |       |       |     3 |     3 ||     6
Armor: Skin              |     2 |    26 |    30 |    20 |    15 ||    93
Dodge: Dodged            |    30 |    95 |   203 |   257 |   415 ||  1000

Table legend:
 A = Non-vault XP
 B = Vault XP
 C = Vault XP percentage of total XP
 D = Non-vault monster count
 E = Vault monster count
 F = Vault count percentage of total count
                 A         B        C        D         E       F
            +---------+---------+-------+---------+---------+-------
      Total |   52781 |   29266 |  35.7 |     411 |     142 |  25.7
            +---------+---------+-------+---------+---------+-------
        D:1 |      43 |       0 |   0.0 |      25 |       0 |   0.0
        D:2 |      38 |      44 |  53.7 |      16 |       5 |  23.8
        D:3 |      46 |      63 |  57.8 |      22 |       8 |  26.7
        D:4 |     234 |      81 |  25.7 |      18 |       3 |  14.3
        D:5 |     528 |     203 |  27.8 |      25 |       1 |   3.8
        D:6 |     999 |       0 |   0.0 |      21 |       0 |   0.0
        D:7 |     642 |     116 |  15.3 |      23 |       1 |   4.2
        D:8 |     496 |     434 |  46.7 |      21 |       1 |   4.5
        D:9 |     709 |    1551 |  68.6 |       6 |      10 |  62.5
       D:10 |    1914 |    2580 |  57.4 |      26 |       7 |  21.2
       D:11 |    1107 |       0 |   0.0 |       8 |       0 |   0.0
       D:12 |    8237 |       0 |   0.0 |      55 |       0 |   0.0
       D:13 |    2996 |       0 |   0.0 |      23 |       0 |   0.0
     Lair:1 |    4265 |    3686 |  46.4 |      14 |      16 |  53.3
     Lair:2 |    4642 |       0 |   0.0 |      17 |       0 |   0.0
     Lair:3 |    3599 |    4652 |  56.4 |      18 |      40 |  69.0
     Lair:4 |    5342 |       0 |   0.0 |      19 |       0 |   0.0
     Lair:5 |    8842 |     403 |   4.4 |      24 |       1 |   4.0
     Lair:6 |    8102 |   11324 |  58.3 |      30 |      42 |  58.3
   Gauntlet |       0 |    4129 | 100.0 |       0 |       7 | 100.0
            +---------+---------+-------+---------+---------+-------
